WCHLSIM.com - West Coast Hockey League
html PUBLIC "-//W3C//DTD XHTML 1.0 Transitional//EN" "http://www.w3.org/TR/xhtml1/DTD/xhtml1-transitional.dtd"> WCHL - Game 212 - EDMONTON ICE vs BANFF WOLVES

EDMONTON ICE vs BANFF WOLVES

Created - 14 novembre 2021 at 22:36

Goals
1 2 3 OT1 T
EDMONTON ICE 0 2 2 1 5
BANFF WOLVES 2 2 0 0 4
Shots
1 2 3 OT1 T
EDMONTON ICE 8 5 11 2 26
BANFF WOLVES 12 9 7 2 30

1st period

1. BANFF WOLVES , Jack Eichel 2 (Brady Tkachuk 8, Mats Zuccarello 6) at 7:00
2. BANFF WOLVES , Roope Hintz 3 (Alex Tuch 12, Nazem Kadri 9) at 12:45

Penalties :
Vincent Trocheck (EDM) for Roughing (Minor) at 9:20

2nd period

3. BANFF WOLVES , Nazem Kadri 4 (Roope Hintz 5, Alex Tuch 13) at 2:58
4. EDMONTON ICE , Timo Meier 5 (Ryan O'Reilly 11, Joel Eriksson Ek 9) at 6:02 (PP)
5. EDMONTON ICE , Joel Eriksson Ek 8 (Mathieu Perreault 5, Shea Theodore 7) at 13:52
6. BANFF WOLVES , Kevin Labanc 3 (Craig Smith 2, Esa Lindell 2) at 14:55

Penalties :
Mathew Dumba (BAN) for Slashing (Double Minor) at 4:45

3rd period

7. EDMONTON ICE , Ryan O'Reilly 11 (Shea Theodore 8) at 10:26
8. EDMONTON ICE , Shea Theodore 1 (Jeff Petry 9, Ryan O'Reilly 12) at 19:52

Penalties :
Mathew Dumba (BAN) for Interference (Minor) at 2:58

Overtime #1

9. EDMONTON ICE , Ryan O'Reilly 12 (Shea Theodore 9, Vincent Trocheck 11) at 0:56

Penalties :
No Penalty

Goalie Stats

Alex Nedeljkovic (EDM), 9 saves from 9 shots - (1,000), W, 2-2-0, 25:12 minutes
Philipp Grubauer (EDM), 17 saves from 21 shots - (0,810), 34:55 minutes
Jonathan Quick (BAN), 21 saves from 26 shots - (0,808), OTL, 5-4-2, 60:57 minutes

Players Stats for EDMONTON ICE

Player Name              G  A  P  +/- PIM S  H  SB GA TA FO     MP     PP MP  PK MP  
------------------------------------------------------------------------------------
Anthony Mantha           0  0  0  -1  0   0  0  0  0  0  0/1    20:27   3:08   0:00 
Boone Jenner             0  0  0  -2  0   2  1  0  0  0  17/25  20:42   3:08   1:20 
Brogan Rafferty          0  0  0   0  0   0  0  0  0  0  0/0     2:55   2:55   0:00 
Jeff Petry               0  1  1   2  0   0  0  0  0  0  0/0    21:34   2:20   0:00 
Joel Eriksson Ek         1  1  2   0  0   2  0  0  0  0  1/1    15:42   2:07   0:00 
John Leonard             0  0  0   0  0   0  0  0  0  0  0/1     1:20   0:00   1:20 
Jonas Brodin             0  0  0  -1  0   1  0  2  0  0  0/0    23:36   2:55   1:34 
Mathieu Perreault        0  1  1  -2  0   1  1  0  0  0  0/1    16:14   0:00   0:00 
Nikita Zaitsev           0  0  0  -2  0   0  3  0  0  0  0/0    16:29   0:00   0:25 
Phil Kessel              0  0  0   2  0   1  0  0  0  0  2/3    21:55   3:08   0:00 
Ryan Graves              0  0  0  -1  0   0  1  4  0  0  0/0    19:02   0:00   1:34 
Ryan O'Reilly            2  2  4   3  0   9  0  0  0  0  13/21  21:51   2:07   0:00 
Scott Laughton           0  0  0  -1  0   3  2  0  0  0  1/3    18:24   0:00   0:39 
Shea Theodore            1  3  4   3  0   4  0  1  0  0  0/0    20:55   2:20   0:03 
Tanner Jeannot           0  0  0  -1  0   0  0  0  0  0  0/0     4:04   0:00   0:39 
Timo Meier               1  0  1   1  0   1  0  0  0  0  0/0    20:34   2:07   0:00 
Vincent Trocheck         0  1  1   0  2   2  0  1  0  0  12/15  18:41   0:00   0:00 
Zach Whitecloud          0  0  0  -2  0   0  2  1  0  0  0/0    16:26   0:00   0:22 

Players Stats for BANFF WOLVES

Player Name              G  A  P  +/- PIM S  H  SB GA TA FO     MP     PP MP  PK MP  
------------------------------------------------------------------------------------
Alex Tuch                0  2  2   0  0   1  0  2  0  0  2/3    23:11   0:54   2:14 
Brady Tkachuk            0  1  1   0  0   1  6  0  0  0  0/1    17:02   0:54   0:12 
Brandon Carlo            0  0  0  -1  0   0  1  1  0  0  0/0    13:10   0:00   1:01 
Craig Smith              0  1  1   0  0   4  0  0  0  0  0/0    14:33   1:05   2:07 
Esa Lindell              0  1  1   2  0   2  5  1  0  0  0/0    22:59   0:00   1:48 
Jack Eichel              1  0  1   0  0   4  0  2  0  0  10/17  18:41   0:54   1:51 
Joel Kiviranta           0  0  0   0  0   2  0  1  0  0  0/1     6:23   0:00   0:00 
Kevin Labanc             1  0  1   0  0   1  0  0  0  0  0/0    11:21   0:00   0:00 
Logan O'Connor           0  0  0   0  0   0  1  1  0  0  0/0     8:54   0:00   2:31 
Mathew Dumba             0  0  0   0  6   0  1  1  0  0  0/0    20:18   0:54   0:00 
Mats Zuccarello          0  1  1   0  0   3  0  0  0  0  1/1    17:01   1:05   0:00 
Miro Heiskanen           0  0  0   0  0   1  4  1  0  0  0/0    23:24   0:54   3:04 
Nazem Kadri              1  1  2   1  0   5  1  0  0  0  9/22   21:35   1:05   1:24 
Nick Cousins             0  0  0   0  0   0  0  0  0  0  0/12   11:44   0:00   0:23 
Philippe Myers           0  0  0  -1  0   0  2  1  0  0  0/0    14:46   0:00   2:37 
Roope Hintz              1  1  2   0  0   5  1  0  0  0  3/7    21:08   1:05   0:00 
Ryan Suter               0  0  0   1  0   0  0  3  0  0  0/0    25:01   1:05   1:48 
Tanner Kero              0  0  0   0  0   1  0  0  0  0  0/7     6:23   0:00   0:00 

3 Stars

1 - Ryan O'Reilly (EDM)
2 - Shea Theodore (EDM)
3 - Nazem Kadri (BAN)

Power Play

EDMONTON ICE - 1 on 3 Attempt(s) - 33,33%
BANFF WOLVES - 0 on 1 Attempt(s) - 0,00%

Penalty Kill

EDMONTON ICE - 1 on 1 Attempt(s) - 100,00% - Score 0 goal in Penalty Kill
BANFF WOLVES - 2 on 3 Attempt(s) - 66,67% - Score 0 goal in Penalty Kill

Team Stat

EDMONTON ICE - Hits : 10 - Faceoff Wins : 46 - Blocked Shots : 9 - Penalty Minutes : 2
BANFF WOLVES - Hits : 22 - Faceoff Wins : 25 - Blocked Shots : 14 - Penalty Minutes : 6

Official

Referees : Kyle Rehman and Dan O'Halloran
Linesman : Kyle Allen and Andrew Smith

Game Notes

Alex Nedeljkovic enters game at 14:55 of 2nd period

Finance

Level 1 -- Attendance: 3918 (55,57%) -- Ticket Income 783 600 $
Level 2 -- Attendance: 3486 (58,53%) -- Ticket Income 522 900 $
Level 3 -- Attendance: 1687 (72,09%) -- Ticket Income 168 700 $
Level 4 -- Attendance: 4518 (90,36%) -- Ticket Income 225 900 $
Luxury Box -- Attendance: 968 (90,89%) -- Ticket Income 193 600 $
Game was played at the Rocky Mountains Sports Complex.
Total Attendance: 14577 (68,08%)
Total Ticket Income: 1 894 700 $
Other Expense: 18 947 $
Total Income: 1 875 753 $

EDMONTON ICE

5 vs 5 Forward 
   Center                   Left Wing                Right Wing               Time % Phy DF OF 
 1 Ryan O'Reilly            Timo Meier               Phil Kessel              37     0   2  3  
 2 Vincent Trocheck         Scott Laughton           Anthony Mantha           36     1   2  2  
 3 Boone Jenner             Mathieu Perreault        Joel Eriksson Ek         22     1   3  1  
 4 Boone Jenner             Mathieu Perreault        Tanner Jeannot           5      0   5  0  

5 vs 5 Defense 
   Defense                  Defense                                           Time % Phy DF OF 
 1 Shea Theodore            Jeff Petry                                        37     0   2  3  
 2 Jonas Brodin             Ryan Graves                                       34     0   3  2  
 3 Nikita Zaitsev           Zach Whitecloud                                   23     1   3  1  
 4 Jonas Brodin             Jeff Petry                                        6      0   3  2  

PowerPlay Forward 
   Center                   Left Wing                Right Wing               Time % Phy DF OF 
 1 Ryan O'Reilly            Timo Meier               Joel Eriksson Ek         60     0   1  4  
 2 Boone Jenner             Anthony Mantha           Phil Kessel              40     0   2  3  

PowerPlay Defense
   Defense                  Defense                                           Time % Phy DF OF 
 1 Shea Theodore            Jeff Petry                                        55     0   2  3  
 2 Jonas Brodin             Brogan Rafferty                                   45     1   2  2  

Penalty Kill 4 Players Forward 
   Center                   Wing                     Time % Phy DF OF 
 1 Boone Jenner             John Leonard             57     0   4  1  
 2 Scott Laughton           Tanner Jeannot           43     0   4  1  

Penalty Kill 4 Players Defense
   Defense                  Defense                  Time % Phy DF OF 
 1 Jonas Brodin             Ryan Graves              57     0   5  0  
 2 Zach Whitecloud          Nikita Zaitsev           43     0   5  0  

Penalty Kill - 3 Players Forward 
   Forward                                           Time % Phy DF OF 
 1 Boone Jenner                                      55     0   5  0  
 2 Scott Laughton                                    45     0   5  0  

Penalty Kill - 3 Players Defense
   Defense                  Defense                  Time % Phy DF OF 
 1 Jonas Brodin             Ryan Graves              55     0   5  0  
 2 Zach Whitecloud          Nikita Zaitsev           45     0   5  0  

4 vs 4 Forward 
   Center                   Wing                     Time % Phy DF OF 
 1 Ryan O'Reilly            Anthony Mantha           55     1   2  2  
 2 Vincent Trocheck         Boone Jenner             45     1   2  2  

4 vs 4 Defense
   Defense                  Defense                  Time % Phy DF OF 
 1 Shea Theodore            Jeff Petry               55     1   2  2  
 2 Jonas Brodin             Ryan Graves              45     1   2  2  

Last Minutes Offensive
   Center                   Left Wing                Right Wing               Defense                  Defense                  
   Ryan O'Reilly            Joel Eriksson Ek         Phil Kessel              Shea Theodore            Jeff Petry               

Last Minutes Defensive
   Center                   Left Wing                Right Wing               Defense                  Defense                  
   Ryan O'Reilly            Boone Jenner             Joel Eriksson Ek         Ryan Graves              Jonas Brodin             

Goaltenders
Starting : Philipp Grubauer         
Backup : Alex Nedeljkovic         

Extra Forwards
Normal : Anthony Mantha, Joel Eriksson Ek, Phil Kessel - PP : Anthony Mantha, Timo Meier - PK : Scott Laughton
Extra Defensemen
Normal : Ryan Graves, Jonas Brodin, Zach Whitecloud - PP : Brogan Rafferty - PK : Shea Theodore, Jeff Petry
Penalty Shots
Vincent Trocheck, Ryan O'Reilly, Phil Kessel, Joel Eriksson Ek, Anthony Mantha
Custom OT Lines Forwards
Ryan O'Reilly, Vincent Trocheck, Phil Kessel, Timo Meier, Joel Eriksson Ek, Anthony Mantha, Scott Laughton, Boone Jenner, Mathieu Perreault, John Leonard
Custom OT Lines Defensemen
Shea Theodore, Jeff Petry, Jonas Brodin, Nikita Zaitsev, Ryan Graves

Scratches
Austin Watson (Torn Left MCL Injury), Patric Hornqvist (Left Leg Injury)

BANFF WOLVES

5 vs 5 Forward 
   Center                   Left Wing                Right Wing               Time % Phy DF OF 
 1 Nazem Kadri              Roope Hintz              Alex Tuch                36     1   2  2  
 2 Jack Eichel              Brady Tkachuk            Mats Zuccarello          31     1   2  2  
 3 Nick Cousins             Kevin Labanc             Craig Smith              23     1   2  2  
 4 Tanner Kero              Joel Kiviranta           Logan O'Connor           10     1   2  2  

5 vs 5 Defense 
   Defense                  Defense                                           Time % Phy DF OF 
 1 Ryan Suter               Esa Lindell                                       39     1   2  2  
 2 Miro Heiskanen           Mathew Dumba                                      38     1   2  2  
 3 Brandon Carlo            Philippe Myers                                    23     1   2  2  
 4 Ryan Suter               Esa Lindell                                       0      1   2  2  

PowerPlay Forward 
   Center                   Left Wing                Right Wing               Time % Phy DF OF 
 1 Jack Eichel              Brady Tkachuk            Alex Tuch                55     1   2  2  
 2 Nazem Kadri              Roope Hintz              Mats Zuccarello          45     1   2  2  

PowerPlay Defense
   Defense                  Defense                                           Time % Phy DF OF 
 1 Miro Heiskanen           Mathew Dumba                                      55     1   2  2  
 2 Ryan Suter               Craig Smith                                       45     1   2  2  

Penalty Kill 4 Players Forward 
   Center                   Wing                     Time % Phy DF OF 
 1 Alex Tuch                Logan O'Connor           55     1   2  2  
 2 Nazem Kadri              Craig Smith              45     1   2  2  

Penalty Kill 4 Players Defense
   Defense                  Defense                  Time % Phy DF OF 
 1 Ryan Suter               Esa Lindell              55     1   2  2  
 2 Miro Heiskanen           Mathew Dumba             45     1   2  2  

Penalty Kill - 3 Players Forward 
   Forward                                           Time % Phy DF OF 
 1 Alex Tuch                                         55     1   2  2  
 2 Craig Smith                                       45     1   2  2  

Penalty Kill - 3 Players Defense
   Defense                  Defense                  Time % Phy DF OF 
 1 Ryan Suter               Esa Lindell              55     1   2  2  
 2 Miro Heiskanen           Mathew Dumba             45     1   2  2  

4 vs 4 Forward 
   Center                   Wing                     Time % Phy DF OF 
 1 Jack Eichel              Alex Tuch                55     1   2  2  
 2 Nazem Kadri              Mats Zuccarello          45     1   2  2  

4 vs 4 Defense
   Defense                  Defense                  Time % Phy DF OF 
 1 Ryan Suter               Esa Lindell              55     1   2  2  
 2 Miro Heiskanen           Mathew Dumba             45     1   2  2  

Last Minutes Offensive
   Center                   Left Wing                Right Wing               Defense                  Defense                  
   Roope Hintz              Brady Tkachuk            Alex Tuch                Ryan Suter               Esa Lindell              

Last Minutes Defensive
   Center                   Left Wing                Right Wing               Defense                  Defense                  
   Roope Hintz              Brady Tkachuk            Alex Tuch                Ryan Suter               Esa Lindell              

Goaltenders
Starting : Jonathan Quick           
Backup : Ilya Samsonov            

Extra Forwards
Normal : Roope Hintz, Craig Smith, Jack Eichel - PP : Alex Tuch, Craig Smith - PK : Jack Eichel
Extra Defensemen
Normal : Brandon Carlo, Philippe Myers, Miro Heiskanen - PP : Brandon Carlo - PK : Philippe Myers, Miro Heiskanen
Penalty Shots
Roope Hintz, Alex Tuch, Nazem Kadri, Mats Zuccarello, Craig Smith
Custom OT Lines Forwards
Roope Hintz, Alex Tuch, Nazem Kadri, Mats Zuccarello, Craig Smith, Jack Eichel, Brady Tkachuk, Kevin Labanc, Nick Cousins, Joel Kiviranta
Custom OT Lines Defensemen
Ryan Suter, Esa Lindell, Miro Heiskanen, Mathew Dumba, Brandon Carlo

Scratches
None


% Time on Ice - EDMONTON ICE

Lines # - Real PCT - Wanted PCT - Time Play
Normal Forward
1 - 35% - 37% - 18:27
2 - 34% - 36% - 17:45
3 - 24% - 22% - 12:49
4 - 7% - 5% - 3:25
Normal Defense
1 - 33% - 37% - 17:15
2 - 33% - 34% - 17:28
3 - 31% - 23% - 16:04
4 - 3% - 6% - 1:39
PP Forward
1 - 40% - 60% - 2:07
2 - 60% - 40% - 3:08
PP Defense
1 - 44% - 55% - 2:20
2 - 56% - 45% - 2:55
PK Forward
1 - 67% - 57% - 1:20
2 - 33% - 43% - 0:39
PK Defense
1 - 79% - 57% - 1:34
2 - 21% - 43% - 0:25
PK3 Forward
1 - 0% - 55%
2 - 0% - 45%
PK3 Defense
1 - 0% - 55%
2 - 0% - 45%
44 Forward
1 - 0% - 55%
2 - 0% - 45%
44 Defense
1 - 0% - 55%
2 - 0% - 45%
Last Minute Offensive  - 0:20
Last Minute Defensive  - 0:00
Total
Forward - 60:00
Defense - 60:00

% Time on Ice - BANFF WOLVES

Lines # - Real PCT - Wanted PCT - Time Play
Normal Forward
1 - 36% - 36% - 19:06
2 - 30% - 31% - 15:56
3 - 22% - 23% - 11:21
4 - 12% - 10% - 6:23
Normal Defense
1 - 40% - 39% - 20:51
2 - 37% - 38% - 19:26
3 - 23% - 23% - 12:09
4 - 1% - 0% - 0:20
PP Forward
1 - 45% - 55% - 0:54
2 - 55% - 45% - 1:05
PP Defense
1 - 45% - 55% - 0:54
2 - 55% - 45% - 1:05
PK Forward
1 - 60% - 55% - 3:08
2 - 40% - 45% - 2:07
PK Defense
1 - 34% - 55% - 1:48
2 - 66% - 45% - 3:27
PK3 Forward
1 - 0% - 55%
2 - 0% - 45%
PK3 Defense
1 - 0% - 55%
2 - 0% - 45%
44 Forward
1 - 0% - 55%
2 - 0% - 45%
44 Defense
1 - 0% - 55%
2 - 0% - 45%
Last Minute Offensive  - 0:00
Last Minute Defensive  - 0:00
Total
Forward - 60:00
Defense - 60:00

Play-by-Play

1st period


0:01 of 1st period - Nazem Kadri wins face-off versus Ryan O'Reilly in neutral zone.
0:12 of 1st period - Shot by Roope Hintz.
0:12 of 1st period - Shot Misses the Net.
0:48 of 1st period - Ryan O'Reilly is hit by Roope Hintz and loses puck.
2:29 of 1st period - Shot by Joel Eriksson Ek.
2:29 of 1st period - Stopped by Jonathan Quick with a rebound.
2:31 of 1st period - Shot by Mathieu Perreault.
2:31 of 1st period - Stopped by Jonathan Quick without a rebound.
2:32 of 1st period - Ryan O'Reilly wins face-off versus Tanner Kero in BANFF WOLVES zone.
2:41 of 1st period - Shot by Ryan O'Reilly.
2:41 of 1st period - Deflect By Phil Kessel.
2:41 of 1st period - Stopped by Jonathan Quick without a rebound.
2:42 of 1st period - Boone Jenner wins face-off versus Roope Hintz in BANFF WOLVES zone.
3:01 of 1st period - Shot by Roope Hintz.
3:01 of 1st period - Stopped by Philipp Grubauer without a rebound.
3:02 of 1st period - Vincent Trocheck wins face-off versus Nick Cousins in EDMONTON ICE zone.
3:12 of 1st period - Scott Laughton is hit by Brandon Carlo and loses puck.
3:20 of 1st period - Vincent Trocheck is hit by Philippe Myers and loses puck.
3:33 of 1st period - Shot by Vincent Trocheck.
3:33 of 1st period - Shot Misses the Net.
4:01 of 1st period - Shot by Ryan O'Reilly.
4:01 of 1st period - Stopped by Jonathan Quick without a rebound.
4:02 of 1st period - Joel Eriksson Ek wins face-off versus Tanner Kero in BANFF WOLVES zone.
5:14 of 1st period - Shot by Roope Hintz.
5:14 of 1st period - Stopped by Philipp Grubauer without a rebound.
5:15 of 1st period - Jack Eichel wins face-off versus Ryan O'Reilly in EDMONTON ICE zone.
5:32 of 1st period - Shot by Mats Zuccarello.
5:32 of 1st period - Shot Misses the Net.
5:34 of 1st period - Shot by Jack Eichel.
5:34 of 1st period - Shot Misses the Net.
5:39 of 1st period - Icing by Ryan O'Reilly.
5:40 of 1st period - Nazem Kadri wins face-off versus Ryan O'Reilly in EDMONTON ICE zone.
5:55 of 1st period - Shot by Ryan O'Reilly.
5:55 of 1st period - Shot Misses the Net.
5:57 of 1st period - Shot by Ryan O'Reilly.
5:57 of 1st period - Shot Blocked by Alex Tuch.
5:59 of 1st period - Shot by Nikita Zaitsev.
5:59 of 1st period - Shot Misses the Net.
6:01 of 1st period - Shot by Zach Whitecloud.
6:01 of 1st period - Shot Blocked by Philippe Myers.
6:34 of 1st period - Shot by Mats Zuccarello.
6:34 of 1st period - Stopped by Philipp Grubauer with a rebound.
6:58 of 1st period - Shot by Brady Tkachuk.
6:58 of 1st period - Shot Misses the Net.
7:00 of 1st period - Shot by Jack Eichel.
7:00 of 1st period - Goal by Jack Eichel - EDMONTON ICE : 0 - BANFF WOLVES : 1.
7:01 of 1st period - Boone Jenner wins face-off versus Nick Cousins in neutral zone.
7:27 of 1st period - Icing by Miro Heiskanen.
7:28 of 1st period - Ryan O'Reilly wins face-off versus Nick Cousins in BANFF WOLVES zone.
9:04 of 1st period - Ryan O'Reilly is hit by Brady Tkachuk and loses puck.
9:20 of 1st period - Minor Penalty to Vincent Trocheck for Roughing.
9:21 of 1st period - Jack Eichel wins face-off versus Boone Jenner in EDMONTON ICE zone.
9:28 of 1st period - Shot by Brady Tkachuk.
9:28 of 1st period - Shot Misses the Net.
9:39 of 1st period - Icing by Miro Heiskanen.
9:40 of 1st period - Jack Eichel wins face-off versus Boone Jenner in BANFF WOLVES zone.
10:07 of 1st period - Shot by Jack Eichel.
10:07 of 1st period - Stopped by Philipp Grubauer without a rebound.
10:08 of 1st period - Roope Hintz wins face-off versus Scott Laughton in EDMONTON ICE zone.
10:15 of 1st period - Shot by Roope Hintz.
10:15 of 1st period - Shot Misses the Net.
10:17 of 1st period - Shot by Roope Hintz.
10:17 of 1st period - Deflect By Mats Zuccarello.
10:17 of 1st period - Shot Blocked by Ryan Graves.
10:19 of 1st period - Shot by Ryan Suter.
10:19 of 1st period - Shot Blocked by Jonas Brodin.
10:21 of 1st period - Shot by Craig Smith.
10:21 of 1st period - Stopped by Philipp Grubauer without a rebound.
10:22 of 1st period - Boone Jenner wins face-off versus Nazem Kadri in EDMONTON ICE zone.
10:42 of 1st period - Icing by Craig Smith.
10:43 of 1st period - Scott Laughton wins face-off versus Nazem Kadri in BANFF WOLVES zone.
10:46 of 1st period - Shot by Tanner Jeannot.
10:46 of 1st period - Deflect By Scott Laughton.
10:46 of 1st period - Stopped by Jonathan Quick with a rebound.
10:59 of 1st period - Mats Zuccarello is hit by Nikita Zaitsev and loses puck.
11:10 of 1st period - Shot by Roope Hintz.
11:10 of 1st period - Stopped by Philipp Grubauer with a rebound.
11:12 of 1st period - Shot by Nazem Kadri.
11:12 of 1st period - Stopped by Philipp Grubauer without a rebound.
11:13 of 1st period - Jack Eichel wins face-off versus John Leonard in EDMONTON ICE zone.
11:18 of 1st period - Shot by Alex Tuch.
11:18 of 1st period - Shot Misses the Net.
12:25 of 1st period - Shot by Vincent Trocheck.
12:25 of 1st period - Shot Blocked by Joel Kiviranta.
12:27 of 1st period - Shot by Vincent Trocheck.
12:27 of 1st period - Shot Blocked by Brandon Carlo.
12:29 of 1st period - Shot by Scott Laughton.
12:29 of 1st period - Stopped by Jonathan Quick without a rebound.
12:30 of 1st period - Nazem Kadri wins face-off versus Boone Jenner in BANFF WOLVES zone.
12:43 of 1st period - Shot by Roope Hintz.
12:43 of 1st period - Shot Misses the Net.
12:45 of 1st period - Shot by Roope Hintz.
12:45 of 1st period - Goal by Roope Hintz - EDMONTON ICE : 0 - BANFF WOLVES : 2.
12:46 of 1st period - Jack Eichel wins face-off versus Scott Laughton in neutral zone.
12:48 of 1st period - Off-side.
12:49 of 1st period - Vincent Trocheck wins face-off versus Jack Eichel in neutral zone.
12:54 of 1st period - Shot by Anthony Mantha.
12:54 of 1st period - Shot Misses the Net.
12:56 of 1st period - Shot by Ryan Graves.
12:56 of 1st period - Shot Blocked by Esa Lindell.
12:58 of 1st period - Shot by Ryan Graves.
12:58 of 1st period - Shot Misses the Net.
13:00 of 1st period - Shot by Anthony Mantha.
13:00 of 1st period - Shot Misses the Net.
13:49 of 1st period - Icing by Ryan Suter.
13:50 of 1st period - Jack Eichel wins face-off versus Mathieu Perreault in BANFF WOLVES zone.
14:29 of 1st period - Icing by Boone Jenner.
14:30 of 1st period - Boone Jenner wins face-off versus Nick Cousins in EDMONTON ICE zone.
15:18 of 1st period - Icing by Ryan Graves.
15:19 of 1st period - Alex Tuch wins face-off versus Ryan O'Reilly in EDMONTON ICE zone.
15:55 of 1st period - Shot by Nazem Kadri.
15:55 of 1st period - Stopped by Philipp Grubauer without a rebound.
15:56 of 1st period - Jack Eichel wins face-off versus Vincent Trocheck in EDMONTON ICE zone.
15:57 of 1st period - Shot by Mats Zuccarello.
15:57 of 1st period - Stopped by Philipp Grubauer with a rebound.
16:05 of 1st period - Shot by Mats Zuccarello.
16:05 of 1st period - Shot Blocked by Shea Theodore.
16:07 of 1st period - Shot by Esa Lindell.
16:07 of 1st period - Stopped by Philipp Grubauer without a rebound.
16:08 of 1st period - Boone Jenner wins face-off versus Nick Cousins in EDMONTON ICE zone.
16:18 of 1st period - Shot by Shea Theodore.
16:18 of 1st period - Stopped by Jonathan Quick without a rebound.
16:19 of 1st period - Nazem Kadri wins face-off versus Vincent Trocheck in BANFF WOLVES zone.
16:19 of 1st period - Nazem Kadri is hit by Scott Laughton.
16:31 of 1st period - Shot by Roope Hintz.
16:31 of 1st period - Shot Misses the Net.
16:37 of 1st period - Shot by Nazem Kadri.
16:37 of 1st period - Shot Blocked by Vincent Trocheck.
19:15 of 1st period - Icing by Brandon Carlo.
19:16 of 1st period - Vincent Trocheck wins face-off versus Nick Cousins in BANFF WOLVES zone.
19:16 of 1st period - Shea Theodore is hit by Philippe Myers and loses puck.
19:19 of 1st period - Shot by Scott Laughton.
19:19 of 1st period - Stopped by Jonathan Quick without a rebound.
19:20 of 1st period - Nazem Kadri wins face-off versus Vincent Trocheck in BANFF WOLVES zone.
19:59 of 1st period - Icing by Mathew Dumba.
Goals for this period are 0 for EDMONTON ICE vs 2 for BANFF WOLVES.
Shots for this period are 8 for EDMONTON ICE vs 12 for BANFF WOLVES.

2nd period


0:01 of 2nd period - Vincent Trocheck wins face-off versus Nazem Kadri in neutral zone.
0:35 of 2nd period - Shot by Vincent Trocheck.
0:35 of 2nd period - Shot Misses the Net.
0:58 of 2nd period - Vincent Trocheck is hit by Brady Tkachuk and loses puck.
1:05 of 2nd period - Esa Lindell is hit by Scott Laughton and loses puck.
1:24 of 2nd period - Shot by Esa Lindell.
1:24 of 2nd period - Shot Blocked by Jonas Brodin.
1:26 of 2nd period - Shot by Esa Lindell.
1:26 of 2nd period - Stopped by Philipp Grubauer with a rebound.
1:30 of 2nd period - Shot by Jack Eichel.
1:30 of 2nd period - Shot Blocked by Ryan Graves.
1:36 of 2nd period - Shot by Mats Zuccarello.
1:36 of 2nd period - Shot Misses the Net.
1:42 of 2nd period - Shot by Jack Eichel.
1:42 of 2nd period - Stopped by Philipp Grubauer without a rebound.
1:43 of 2nd period - Boone Jenner wins face-off versus Nick Cousins in EDMONTON ICE zone.
1:55 of 2nd period - Off-side.
1:56 of 2nd period - Boone Jenner wins face-off versus Tanner Kero in neutral zone.
2:20 of 2nd period - Mathew Dumba is hit by Zach Whitecloud and loses puck.
2:55 of 2nd period - Roope Hintz is hit by Nikita Zaitsev and loses puck.
2:58 of 2nd period - Shot by Nazem Kadri.
2:58 of 2nd period - Goal by Nazem Kadri - EDMONTON ICE : 0 - BANFF WOLVES : 3.
2:59 of 2nd period - Vincent Trocheck wins face-off versus Nick Cousins in neutral zone.
3:25 of 2nd period - Shot by Vincent Trocheck.
3:25 of 2nd period - Shot Misses the Net.
4:14 of 2nd period - Shot by Phil Kessel.
4:14 of 2nd period - Shot Misses the Net.
4:18 of 2nd period - Shot by Ryan O'Reilly.
4:18 of 2nd period - Stopped by Jonathan Quick with a rebound.
4:20 of 2nd period - Shot by Shea Theodore.
4:20 of 2nd period - Stopped by Jonathan Quick with a rebound.
4:22 of 2nd period - Shot by Ryan O'Reilly.
4:22 of 2nd period - Shot Blocked by Mathew Dumba.
4:43 of 2nd period - Icing by Miro Heiskanen.
4:44 of 2nd period - Boone Jenner wins face-off versus Nazem Kadri in BANFF WOLVES zone.
4:44 of 2nd period - Boone Jenner is hit by Miro Heiskanen.
4:45 of 2nd period - Double Minor Penalty to Mathew Dumba for Slashing.
4:46 of 2nd period - Alex Tuch wins face-off versus Anthony Mantha in BANFF WOLVES zone.
4:46 of 2nd period - Alex Tuch is hit by Boone Jenner.
6:00 of 2nd period - Shot by Ryan O'Reilly.
6:00 of 2nd period - Shot Misses the Net.
6:02 of 2nd period - Shot by Timo Meier.
6:02 of 2nd period - Goal by Timo Meier - EDMONTON ICE : 1 - BANFF WOLVES : 3.
6:03 of 2nd period - Ryan O'Reilly wins face-off versus Alex Tuch in neutral zone.
6:09 of 2nd period - Shea Theodore is hit by Esa Lindell and loses puck.
6:12 of 2nd period - Shot by Jeff Petry.
6:12 of 2nd period - Shot Misses the Net.
6:14 of 2nd period - Shot by Shea Theodore.
6:14 of 2nd period - Shot Misses the Net.
6:16 of 2nd period - Shot by Ryan O'Reilly.
6:16 of 2nd period - Stopped by Jonathan Quick without a rebound.
6:17 of 2nd period - Ryan O'Reilly wins face-off versus Nazem Kadri in BANFF WOLVES zone.
8:27 of 2nd period - Shot by Brady Tkachuk.
8:27 of 2nd period - Stopped by Philipp Grubauer without a rebound.
8:28 of 2nd period - Boone Jenner wins face-off versus Tanner Kero in EDMONTON ICE zone.
9:00 of 2nd period - Off-side.
9:01 of 2nd period - Vincent Trocheck wins face-off versus Jack Eichel in neutral zone.
10:18 of 2nd period - Shot by Roope Hintz.
10:18 of 2nd period - Shot Misses the Net.
10:27 of 2nd period - Alex Tuch is hit by Ryan Graves.
10:52 of 2nd period - Shot by Craig Smith.
10:52 of 2nd period - Shot Blocked by Ryan Graves.
10:54 of 2nd period - Shot by Craig Smith.
10:54 of 2nd period - Stopped by Philipp Grubauer without a rebound.
10:55 of 2nd period - Boone Jenner wins face-off versus Tanner Kero in EDMONTON ICE zone.
11:20 of 2nd period - Shot by Joel Kiviranta.
11:20 of 2nd period - Stopped by Philipp Grubauer with a rebound.
11:22 of 2nd period - Shot by Logan O'Connor.
11:22 of 2nd period - Shot Misses the Net.
11:26 of 2nd period - Shot by Joel Kiviranta.
11:26 of 2nd period - Stopped by Philipp Grubauer with a rebound.
11:28 of 2nd period - Shot by Tanner Kero.
11:28 of 2nd period - Shot Misses the Net.
11:32 of 2nd period - Shot by Tanner Kero.
11:32 of 2nd period - Stopped by Philipp Grubauer without a rebound.
11:33 of 2nd period - Vincent Trocheck wins face-off versus Jack Eichel in EDMONTON ICE zone.
11:33 of 2nd period - Vincent Trocheck is hit by Brady Tkachuk.
11:38 of 2nd period - Anthony Mantha is hit by Miro Heiskanen and loses puck.
11:50 of 2nd period - Jack Eichel is hit by Zach Whitecloud.
12:04 of 2nd period - Brady Tkachuk is hit by Nikita Zaitsev.
12:39 of 2nd period - Icing by Esa Lindell.
12:40 of 2nd period - Ryan O'Reilly wins face-off versus Nazem Kadri in BANFF WOLVES zone.
12:45 of 2nd period - Shot by Timo Meier.
12:45 of 2nd period - Shot Blocked by Ryan Suter.
13:04 of 2nd period - Shot by Nazem Kadri.
13:04 of 2nd period - Shot Blocked by Ryan Graves.
13:48 of 2nd period - Shot by Joel Eriksson Ek.
13:48 of 2nd period - Shot Misses the Net.
13:50 of 2nd period - Shot by Joel Eriksson Ek.
13:50 of 2nd period - Deflect By Mathieu Perreault.
13:50 of 2nd period - Shot Misses the Net.
13:52 of 2nd period - Shot by Joel Eriksson Ek.
13:52 of 2nd period - Goal by Joel Eriksson Ek - EDMONTON ICE : 2 - BANFF WOLVES : 3.
13:53 of 2nd period - Jack Eichel wins face-off versus Boone Jenner in neutral zone.
14:55 of 2nd period - Shot by Kevin Labanc.
14:55 of 2nd period - Goal by Kevin Labanc - EDMONTON ICE : 2 - BANFF WOLVES : 4.
14:55 of 2nd period - Alex Nedeljkovic enters game.
14:56 of 2nd period - Vincent Trocheck wins face-off versus Nazem Kadri in neutral zone.
14:56 of 2nd period - Vincent Trocheck is hit by Nazem Kadri.
15:06 of 2nd period - Icing by Esa Lindell.
15:07 of 2nd period - Nazem Kadri wins face-off versus Phil Kessel in BANFF WOLVES zone.
15:11 of 2nd period - Off-side.
15:12 of 2nd period - Ryan O'Reilly wins face-off versus Nazem Kadri in neutral zone.
15:23 of 2nd period - Shot by Phil Kessel.
15:23 of 2nd period - Shot Misses the Net.
16:02 of 2nd period - Icing by Jonas Brodin.
16:03 of 2nd period - Phil Kessel wins face-off versus Nick Cousins in EDMONTON ICE zone.
16:09 of 2nd period - Timo Meier is hit by Miro Heiskanen and loses puck.
16:43 of 2nd period - Vincent Trocheck is hit by Miro Heiskanen and loses puck.
17:42 of 2nd period - Icing by Zach Whitecloud.
17:43 of 2nd period - Boone Jenner wins face-off versus Nazem Kadri in EDMONTON ICE zone.
18:56 of 2nd period - Shot by Brady Tkachuk.
18:56 of 2nd period - Shot Misses the Net.
19:27 of 2nd period - Icing by Jonas Brodin.
19:28 of 2nd period - Ryan O'Reilly wins face-off versus Tanner Kero in EDMONTON ICE zone.
19:30 of 2nd period - Icing by Jonas Brodin.
19:31 of 2nd period - Ryan O'Reilly wins face-off versus Tanner Kero in EDMONTON ICE zone.
19:38 of 2nd period - Shot by Phil Kessel.
19:38 of 2nd period - Shot Misses the Net.
Goals for this period are 2 for EDMONTON ICE vs 2 for BANFF WOLVES.
Shots for this period are 5 for EDMONTON ICE vs 9 for BANFF WOLVES.

3rd period


0:01 of 3rd period - Vincent Trocheck wins face-off versus Nazem Kadri in neutral zone.
0:34 of 3rd period - Shot by Vincent Trocheck.
0:34 of 3rd period - Shot Misses the Net.
1:18 of 3rd period - Shot by Ryan O'Reilly.
1:18 of 3rd period - Shot Misses the Net.
1:23 of 3rd period - Icing by Roope Hintz.
1:24 of 3rd period - Nazem Kadri wins face-off versus Boone Jenner in BANFF WOLVES zone.
1:24 of 3rd period - Roope Hintz is hit by Mathieu Perreault and loses puck.
2:44 of 3rd period - Timo Meier is hit by Mathew Dumba and loses puck.
2:51 of 3rd period - Shot by Ryan O'Reilly.
2:51 of 3rd period - Shot Misses the Net.
2:55 of 3rd period - Shot by Ryan O'Reilly.
2:55 of 3rd period - Shot Blocked by Miro Heiskanen.
2:57 of 3rd period - Shot by Jonas Brodin.
2:57 of 3rd period - Shot Hit the Post.
2:58 of 3rd period - Minor Penalty to Mathew Dumba for Interference.
2:59 of 3rd period - Jack Eichel wins face-off versus Boone Jenner in BANFF WOLVES zone.
3:25 of 3rd period - Jeff Petry is hit by Logan O'Connor and loses puck.
3:34 of 3rd period - Shot by Shea Theodore.
3:34 of 3rd period - Shot Misses the Net.
3:59 of 3rd period - Icing by Ryan O'Reilly.
4:00 of 3rd period - Ryan O'Reilly wins face-off versus Nick Cousins in EDMONTON ICE zone.
4:41 of 3rd period - Shot by Shea Theodore.
4:41 of 3rd period - Shot Blocked by Logan O'Connor.
4:43 of 3rd period - Shot by Shea Theodore.
4:43 of 3rd period - Stopped by Jonathan Quick with a rebound.
5:54 of 3rd period - Shot by Ryan O'Reilly.
5:54 of 3rd period - Shot Misses the Net.
6:35 of 3rd period - Icing by Roope Hintz.
6:36 of 3rd period - Boone Jenner wins face-off versus Roope Hintz in BANFF WOLVES zone.
6:47 of 3rd period - Shot by Jonas Brodin.
6:47 of 3rd period - Shot Misses the Net.
6:49 of 3rd period - Shot by Jonas Brodin.
6:49 of 3rd period - Shot Blocked by Ryan Suter.
6:51 of 3rd period - Shot by Jonas Brodin.
6:51 of 3rd period - Stopped by Jonathan Quick without a rebound.
6:52 of 3rd period - Vincent Trocheck wins face-off versus Joel Kiviranta in BANFF WOLVES zone.
8:12 of 3rd period - Shot by Craig Smith.
8:12 of 3rd period - Stopped by Alex Nedeljkovic without a rebound.
8:13 of 3rd period - Ryan O'Reilly wins face-off versus Jack Eichel in EDMONTON ICE zone.
8:13 of 3rd period - Jeff Petry is hit by Brady Tkachuk.
8:16 of 3rd period - Icing by Ryan O'Reilly.
8:17 of 3rd period - Jack Eichel wins face-off versus Ryan O'Reilly in EDMONTON ICE zone.
8:18 of 3rd period - Shot by Mats Zuccarello.
8:18 of 3rd period - Stopped by Alex Nedeljkovic with a rebound.
8:32 of 3rd period - Shot by Jack Eichel.
8:32 of 3rd period - Stopped by Alex Nedeljkovic without a rebound.
8:33 of 3rd period - Nazem Kadri wins face-off versus Boone Jenner in EDMONTON ICE zone.
8:58 of 3rd period - Shot by Roope Hintz.
8:58 of 3rd period - Shot Misses the Net.
9:00 of 3rd period - Shot by Nazem Kadri.
9:00 of 3rd period - Stopped by Alex Nedeljkovic without a rebound.
9:01 of 3rd period - Ryan O'Reilly wins face-off versus Brady Tkachuk in EDMONTON ICE zone.
9:01 of 3rd period - Jeff Petry is hit by Brady Tkachuk and loses puck.
9:07 of 3rd period - Ryan O'Reilly is hit by Brady Tkachuk and loses puck.
9:11 of 3rd period - Phil Kessel is hit by Esa Lindell.
9:18 of 3rd period - Icing by Ryan Suter.
9:19 of 3rd period - Boone Jenner wins face-off versus Jack Eichel in BANFF WOLVES zone.
9:19 of 3rd period - Boone Jenner is hit by Esa Lindell.
9:21 of 3rd period - Shot by Joel Eriksson Ek.
9:21 of 3rd period - Shot Misses the Net.
9:32 of 3rd period - Joel Eriksson Ek is hit by Esa Lindell.
9:41 of 3rd period - Boone Jenner is hit by Esa Lindell and loses puck.
10:26 of 3rd period - Shot by Ryan O'Reilly.
10:26 of 3rd period - Goal by Ryan O'Reilly - EDMONTON ICE : 3 - BANFF WOLVES : 4.
10:27 of 3rd period - Vincent Trocheck wins face-off versus Nazem Kadri in neutral zone.
10:36 of 3rd period - Shot by Vincent Trocheck.
10:36 of 3rd period - Stopped by Jonathan Quick without a rebound.
10:37 of 3rd period - Phil Kessel wins face-off versus Nick Cousins in BANFF WOLVES zone.
11:23 of 3rd period - Icing by Shea Theodore.
11:24 of 3rd period - Nazem Kadri wins face-off versus Ryan O'Reilly in EDMONTON ICE zone.
11:46 of 3rd period - Icing by Nazem Kadri.
11:47 of 3rd period - Vincent Trocheck wins face-off versus Nazem Kadri in BANFF WOLVES zone.
11:53 of 3rd period - Shot by Vincent Trocheck.
11:53 of 3rd period - Shot Misses the Net.
11:55 of 3rd period - Shot by Vincent Trocheck.
11:55 of 3rd period - Shot Blocked by Alex Tuch.
11:57 of 3rd period - Shot by Vincent Trocheck.
11:57 of 3rd period - Stopped by Jonathan Quick without a rebound.
11:58 of 3rd period - Boone Jenner wins face-off versus Jack Eichel in BANFF WOLVES zone.
12:54 of 3rd period - Icing by Boone Jenner.
12:55 of 3rd period - Boone Jenner wins face-off versus Nazem Kadri in EDMONTON ICE zone.
13:30 of 3rd period - Shot by Nazem Kadri.
13:30 of 3rd period - Stopped by Alex Nedeljkovic with a rebound.
14:50 of 3rd period - Shot by Ryan O'Reilly.
14:50 of 3rd period - Stopped by Jonathan Quick with a rebound.
14:52 of 3rd period - Shot by Ryan O'Reilly.
14:52 of 3rd period - Stopped by Jonathan Quick with a rebound.
14:58 of 3rd period - Shot by Ryan O'Reilly.
14:58 of 3rd period - Stopped by Jonathan Quick without a rebound.
14:59 of 3rd period - Boone Jenner wins face-off versus Jack Eichel in BANFF WOLVES zone.
15:18 of 3rd period - Shot by Boone Jenner.
15:18 of 3rd period - Shot Blocked by Jack Eichel.
15:20 of 3rd period - Shot by Mathieu Perreault.
15:20 of 3rd period - Deflect By Tanner Jeannot.
15:20 of 3rd period - Shot Blocked by Jack Eichel.
16:04 of 3rd period - Shot by Alex Tuch.
16:04 of 3rd period - Shot Misses the Net.
16:06 of 3rd period - Shot by Alex Tuch.
16:06 of 3rd period - Shot Blocked by Zach Whitecloud.
17:49 of 3rd period - Shot by Kevin Labanc.
17:49 of 3rd period - Shot Misses the Net.
17:51 of 3rd period - Shot by Craig Smith.
17:51 of 3rd period - Stopped by Alex Nedeljkovic with a rebound.
17:53 of 3rd period - Shot by Miro Heiskanen.
17:53 of 3rd period - Stopped by Alex Nedeljkovic without a rebound.
17:54 of 3rd period - Mats Zuccarello wins face-off versus Boone Jenner in EDMONTON ICE zone.
18:09 of 3rd period - Shot by Boone Jenner.
18:09 of 3rd period - Shot Misses the Net.
18:11 of 3rd period - Shot by Joel Eriksson Ek.
18:11 of 3rd period - Shot Blocked by Ryan Suter.
18:13 of 3rd period - Shot by Jeff Petry.
18:13 of 3rd period - Shot Misses the Net.
18:21 of 3rd period - Shot by Boone Jenner.
18:21 of 3rd period - Stopped by Jonathan Quick with a rebound.
19:02 of 3rd period - EDMONTON ICE, Alex Nedeljkovic is pulled from the net.
19:50 of 3rd period - Shot by Jeff Petry.
19:50 of 3rd period - Shot Misses the Net.
19:52 of 3rd period - Shot by Shea Theodore.
19:52 of 3rd period - Goal by Shea Theodore - EDMONTON ICE : 4 - BANFF WOLVES : 4.
19:52 of 3rd period - Alex Nedeljkovic from EDMONTON ICE was sent back in the game.
19:53 of 3rd period - Boone Jenner wins face-off versus Nick Cousins in neutral zone.
19:58 of 3rd period - Shot by Boone Jenner.
19:58 of 3rd period - Stopped by Jonathan Quick with a rebound.
Goals for this period are 2 for EDMONTON ICE vs 0 for BANFF WOLVES.
Shots for this period are 11 for EDMONTON ICE vs 7 for BANFF WOLVES.

Overtime #1


0:01 of 1st overtime period - Roope Hintz wins face-off versus Ryan O'Reilly in neutral zone.
0:12 of 1st overtime period - Shot by Alex Tuch.
0:12 of 1st overtime period - Stopped by Alex Nedeljkovic without a rebound.
0:13 of 1st overtime period - Roope Hintz wins face-off versus Ryan O'Reilly in EDMONTON ICE zone.
0:34 of 1st overtime period - Shot by Alex Tuch.
0:34 of 1st overtime period - Deflect By Roope Hintz.
0:34 of 1st overtime period - Stopped by Alex Nedeljkovic without a rebound.
0:35 of 1st overtime period - Ryan O'Reilly wins face-off versus Roope Hintz in EDMONTON ICE zone.
0:44 of 1st overtime period - Shot by Ryan O'Reilly.
0:44 of 1st overtime period - Stopped by Jonathan Quick without a rebound.
0:45 of 1st overtime period - Ryan O'Reilly wins face-off versus Roope Hintz in BANFF WOLVES zone.
0:56 of 1st overtime period - Shot by Ryan O'Reilly.
0:56 of 1st overtime period - Goal by Ryan O'Reilly - EDMONTON ICE : 5 - BANFF WOLVES : 4.
Goals for this period are 1 for EDMONTON ICE vs 0 for BANFF WOLVES.
Shots for this period are 2 for EDMONTON ICE vs 2 for BANFF WOLVES.


AUSTON
MATTHEWS
JOEL
ERIKSSON
MATHEW
BARZAL

EAST COAST

HOCKEY LEAGUE

  • 21.PIT7MAN3
  • 22.ATL3NHW4
  • 23.WOR5PET4
  • 24.3RHI4
  • 25.QUECHI
  • 26.CHALIM
  • 27.TRVLON
  • 28.CHWBAL